AoeStats
← TheQuietRiot

Arena

508513646Analyzed
1v1 RM · 9d ago on Sep 22, 2026· 57m 15s· 2 players
Game mode
Random Map
Map size
Tiny (2 player)
Population
200
Speed
Normal
Resources
Standard
Victory
Conquest
Starting age
Dark Age
Ending age
Imperial Age
RankedLock teamsTeams togetherTeam positionsShared explorationLock speedFull tech treeHidden civsTurbo modeCheats
Victory
Defeat
🇬🇧 Britons · United Kingdom
939
+17
🇪🇸 Saracens · Spain
954
-17
TheQuietRiot
9:37 Feudal Age
7:54 Loom
10:05 Double-Bit Axe
10:05 Horse Collar
15:08 Castle Age
15:39 Stone Mining
18:22 Bow Saw
21:21 Wheelbarrow
22:08 Gold Mining
25:47 Fletching
26:50 Padded Archer Armor
28:02 Town Watch
28:33 Hand Cart
28:44 Hand Cart
28:27 Bodkin Arrow
28:48 Leather Archer Armor
30:35 Town Patrol
30:22 Elite Skirmisher
32:10 Ballistics
32:06 Forging
31:58 Scale Mail Armor
33:40 Yeomen
36:14 Imperial Age
34:03 Masonry
38:04 Chemistry
37:10 Siege Engineers
37:35 Architecture
38:19 Conscription
37:20 Elite Longbowman
38:57 Bracer
39:28 Ring Archer Armor
39:34 Iron Casting
39:15 Chain Mail Armor
39:06 Scale Barding Armor
39:37 Warwolf
40:14 Hoardings
39:22 Light Cavalry
40:02 Husbandry
43:16 Blast Furnace
46:29 Plate Mail Armor
46:19 Chain Barding Armor
46:02 Murder Holes
45:50 Treadmill Crane
47:13 Squires
46:33 Pikeman
46:59 Gambesons
47:00 Arson
46:36 Man-at-Arms
49:57 Halberdier
49:58 Long Swordsman
51:54 Plate Barding Armor
Charls
9:49 Feudal Age
10:18 Double-Bit Axe
10:15 Horse Collar
16:24 Castle Age
18:01 Heavy Plow
18:43 Wheelbarrow
24:19 Hand Cart
29:16 Imperial Age
27:20 Padded Archer Armor
27:28 Fletching
29:03 Leather Archer Armor
28:43 Bodkin Arrow
28:42 Town Watch
28:42 Loom
30:43 Gold Mining
30:44 Stone Mining
31:07 Bow Saw
31:22 Town Patrol
31:08 Elite Skirmisher
32:38 Ring Archer Armor
32:08 Bracer
33:58 Chemistry
33:13 Scale Barding Armor
33:19 Forging
33:39 Ballistics
32:52 Heavy Camel Rider
33:33 Husbandry
34:02 Stone Mining
34:48 Gold Shaft Mining
35:17 Two-Man Saw
34:34 Bloodlines
34:16 Light Cavalry
35:46 Fortified Wall
37:19 Chain Barding Armor
38:05 Onager
39:39 Plate Barding Armor
40:29 Iron Casting
39:55 Scale Mail Armor
39:54 Murder Holes
41:48 Siege Engineers
41:15 Siege Onager
42:01 Hussar
45:49 Conscription
45:37 Capped Ram
51:51 Blast Furnace
55:35 Man-at-Arms
57:17 Chain Mail Armor
56:58 Long Swordsman
Connection lost

Rejoining the realm…

Still unreachable

The connection could not be restored.

Session expired

The server has moved on; the page needs a fresh start.